 Dungeon Crawl Stone Soup version 0.26-a0-43-g20b394cb32 (webtiles) character file.

Game seed: 2076635169371005562

3986 Maedhros the Martial Artist (level 10, -7/71 HPs)
             Began as an Octopode Artificer on June 2, 2020.
             Was a Believer of Cheibriados.
             Killed from afar by a starcursed mass (12 damage)
             ... with an accursed screaming
             ... on level 2 of the Abyss.
             The game lasted 00:21:50 (4246 turns).

Maedhros the Martial Artist (Octopode Artificer)    Turns: 4246, Time: 00:21:50

Health: -7/71      AC:  1    Str: 17    XL:     10   Next: 22%
Magic:  12/12      EV: 20    Int: 16    God:    Cheibriados [**....]
Gold:   383        SH:  0    Dex: 21    Spells: 9/9 levels left

rFire    . . .     SeeInvis .     - Unarmed
rCold    . . .     Gourm    .   (no shield)
rNeg     . . .     Faith    .   (helmet restricted)
rPois    .         Spirit   .   (no amulet)
rElec    .         Reflect  .   (no ring)
rCorr    .         Harm     .   (no ring)
MR       .....                  (no ring)
Stlth    +++++.....             (no ring)
HPRegen  0.21/turn              (no ring)
MPRegen  0.13/turn              (no ring)
                                (no ring)
                                (no ring)

@: mighty, very slow
A: almost no armour, stealthy swim, amphibious, 8 rings, constrict 8, camouflage
1, blurry vision 1, dopey 1, mutation resistance 1, gelatinous body 1
a: Bend Time, Renounce Religion


You were on level 2 of the Abyss.
You worshipped Cheibriados.
Cheibriados was pleased with you.
You were not hungry.

You visited 2 branches of the dungeon, and saw 11 of its levels.
You visited the Abyss 1 time.
You also visited: Sewer and Ossuary.

You collected 383 gold pieces.

Inventory:

Hand Weapons
 a - a +1 short sword of speed
Missiles
 e - 19 poisoned darts (quivered)
 j - 7 atropa-tipped darts
 k - 76 sling bullets
 t - 2 throwing nets
Magical Staves
 y - an uncursed staff of earth {unknown}
Wands
 b - a wand of flame (4)
Scrolls
 d - 2 scrolls of magic mapping {unknown}
 g - 7 scrolls of teleportation {unknown}
 h - 4 scrolls of amnesia {unknown}
 i - 6 scrolls of remove curse
 l - a scroll of enchant armour {unknown}
 m - 6 scrolls of identify {unknown}
 r - a scroll of silence {unknown}
 v - a scroll of enchant weapon {unknown}
 w - a scroll of blinking {unknown}
Potions
 c - a potion of resistance {unknown}
 n - a potion of magic
 p - 4 potions of curing
 q - 3 potions of brilliance
 s - 3 potions of haste
 u - a potion of might
 x - a potion of cancellation
 z - a potion of heal wounds
Comestibles
 f - 10 rations


   Skills:
 * Level 7.5 Fighting
 - Level 1.0 Short Blades
 * Level 7.7 Dodging
 - Level 6.0 Stealth
 + Level 8.9 Unarmed Combat
 - Level 3.2 Evocations


You had 9 spell levels left.
You didn't know any spells.
Your spell library was empty.

Dungeon Overview and Level Annotations

Branches:
Dungeon (10/15)            Temple (1/1) D:7            Lair (0/6) D:9
  Sewer (visited)         Ossuary (visited)
    Orc: D:9-12

Altars:
Ashenzari
Cheibriados
Dithmenos
Elyvilon
Hepliaklqana
Kikubaaqudgha
Makhleb
Nemelex Xobeh
Okawaru
Qazlal
Ru
Sif Muna
Trog
Wu Jian
Xom
Yredelemnul
Zin
The Shining One

Annotations:
D:7 Harold
D:10 Sonja


Innate Abilities, Weirdness & Mutations

You cannot wear most types of armour.
You are very stealthy in the water. (Stealth+)
You are amphibious.
You can wear up to eight rings at the same time.
You can use your tentacles to constrict eight enemies at once.
Your skin changes colour to match your surroundings (Stealth+).
Your rubbery body absorbs attacks. (AC +1, EV +1)
Scrolls take you a little longer to read.
You are dopey. (Int -2)
You are somewhat resistant to further mutation.


Message History

The starcursed mass engulfs you.
* * * LOW HITPOINT WARNING * * *
A starcursed mass splits.
The starcursed mass engulfs you but does no damage. x2
A starcursed mass splits.
You can move again.
You smack the starcursed mass!
The starcursed mass is heavily damaged.
The starcursed mass shudders and is absorbed by its neighbour.
The starcursed mass engulfs you!
* * * LOW HITPOINT WARNING * * *
A starcursed mass splits.
The starcursed mass engulfs you but does no damage.
You hit the starcursed mass.
The starcursed mass is moderately damaged.
The starcursed mass shudders and is absorbed by its neighbour.
You feel less wooden.
The starcursed mass completely misses you.
A deafening chorus of shrieks assaults your mind!
You die...

....#.. .
.......). ..
......... ... .
...... ##. #...
.....# .#.#
##...###...###..#
#.....#.X...#..#
.....XX@.......
......X........#
.....XXX.......#
.####........##..#
#. #.#.......## .#
.....(.........#
....#.....#..#. #
..#..##..#.##. .#
.#.. ..#.#


You could see 7 starcursed masses.

Vanquished Creatures
  A two-headed ogre (D:10)
  A freezing wraith (Abyss:2)
  A wraith (D:10)
  Eustachio (D:6)
  Edmund (D:6)
  A water moccasin (D:9)
  3 orc warriors
  A sky beast (D:5)
  A phantom (D:10)
  3 centaurs
  3 big kobolds
  5 bullfrogs
  An elf zombie (Ossuary)
  A small abomination (Abyss:2)
  A gnoll sergeant (D:6)
  A scorpion (D:9)
  A killer bee (D:9)
  2 crimson imps
  A jelly (D:10)
  2 human zombies (Ossuary)
  3 hounds
  5 orc priests
  A centaur skeleton (D:9)
  2 iguanas
  4 worker ants
  8 orc wizards
  A big kobold zombie (Ossuary)
  A hound skeleton (D:6)
  4 mummies (Ossuary)
  A worker ant zombie (D:6)
  2 gnolls (D:6)
  6 adders
  2 shadow imps
  3 adder skeletons
  2 adder zombies (Ossuary)
  3 worms
  2 leopard geckos
  28 orcs
  3 ball pythons (Sewer)
  4 bats
  A giant cockroach (D:4)
  3 goblins
  2 hobgoblins (D:2)
  8 jackals
  22 kobolds
  2 quokkas
  3 frilled lizards
  A goblin zombie (Ossuary)
  A hobgoblin zombie (Ossuary)
  A jackal skeleton (D:7)
  2 jackal zombies
  A kobold zombie (Ossuary)
  An orc zombie (Ossuary)
  A quokka zombie (D:6)
  7 rats
173 creatures vanquished.

Vanquished Creatures (collateral kills)
  2 killer bees (D:9)
  An orc wizard (D:9)
  3 gnolls (D:6)
  An adder zombie (Ossuary)
  13 orcs
  A quokka (D:9)
21 creatures vanquished.

Grand Total: 194 creatures vanquished

Notes
Turn   | Place    | Note
-------+----------+-------------------------------------------
     0 | D:1      | Maedhros the Octopode Artificer began the quest for the
                  | Orb.
     0 | D:1      | Reached XP level 1. HP: 13/13 MP: 3/3
     0 | D:1      | hello! lets go!
   154 | D:1      | Reached XP level 2. HP: 8/18 MP: 4/4
   272 | D:2      | Reached XP level 3. HP: 15/23 MP: 5/5
   329 | D:3      | Reached skill level 5 in Stealth
   365 | D:3      | Reached XP level 4. HP: 7/28 MP: 6/6
   407 | D:4      | Found a basalt altar of Yredelemnul.
   407 | D:4      | Found a glowing golden altar of the Shining One.
   408 | D:4      | Found an ornate altar of the Wu Jian Council.
   408 | D:4      | Found a burning altar of Makhleb.
   410 | D:4      | Found a shadowy altar of Dithmenos.
   410 | D:4      | Found a bloodstained altar of Trog.
   416 | D:4      | Found an ancient bone altar of Kikubaaqudgha.
   435 | D:4      | Found a glowing drain.
   456 | Sewer    | Entered a sewer
   486 | Sewer    | Noticed a big kobold
   498 | Sewer    | Killed a big kobold
   498 | Sewer    | Reached skill level 2 in Unarmed Combat
   498 | Sewer    | Reached XP level 5. HP: 16/33 MP: 7/7
   597 | Sewer    | Noticed a big kobold
   608 | Sewer    | Killed a big kobold
   608 | Sewer    | Reached skill level 3 in Unarmed Combat
   608 | Sewer    | Reached XP level 6. HP: 23/38 MP: 8/8
   711 | D:4      | Found a hazy altar of Hepliaklqana.
   813 | D:4      | Reached skill level 4 in Unarmed Combat
   980 | D:5      | Entered Level 5 of the Dungeon
   999 | D:5      | Noticed a sky beast
  1003 | D:5      | Killed a sky beast
  1003 | D:5      | Reached skill level 5 in Unarmed Combat
  1123 | D:5      | Reached XP level 7. HP: 21/43 MP: 9/9
  1183 | D:6      | Noticed Edmund
  1375 | D:4      | Reached skill level 6 in Unarmed Combat
  1601 | D:6      | Found a sparkling altar of Nemelex Xobeh.
  1701 | D:6      | Reached skill level 7 in Unarmed Combat
  1877 | D:6      | Noticed Eustachio
  1890 | D:6      | Killed Eustachio
  1890 | D:6      | Reached XP level 8. HP: 39/50 MP: 10/10
  1916 | D:6      | Gained mutation: Scrolls take you a little longer to read.
                  | [potion of mutation]
  1916 | D:6      | Gained mutation: You are somewhat resistant to further
                  | mutation. [potion of mutation]
  2015 | D:6      | Killed Edmund
  2418 | D:7      | Noticed Harold
  2479 | D:7      | Found a sand-covered staircase.
  2484 | Ossuary  | Entered an ossuary
  2759 | D:7      | Found a shimmering blue altar of Sif Muna.
  2759 | D:7      | Found a shattered altar of Ashenzari.
  2805 | D:7      | Found a staircase to the Ecumenical Temple.
  2823 | D:7      | Reached skill level 5 in Dodging
  2823 | D:7      | Reached XP level 9. HP: 39/59 MP: 11/11
  2840 | Temple   | Entered the Ecumenical Temple
  2862 | Temple   | Became a worshipper of Xom the Begetter of Turbulence
  2870 | Temple   | Fell from the grace of Xom
  2870 | Temple   | Became a worshipper of Cheibriados the Contemplative
  3152 | D:8      | Reached skill level 8 in Unarmed Combat
  3175 | D:8      | Reached skill level 5 in Fighting
  3284 | D:8      | Reached * piety under Cheibriados
  3296 | D:8      | Noticed a two-headed ogre
  3317 | D:8      | XOM: give mutations
  3317 | D:8      | Gained mutation: You are weak. (Str -2) [Xom's mischief]
  3317 | D:8      | Gained mutation: Scrolls take you longer to read. [Xom's
                  | mischief]
  3317 | D:8      | Gained mutation: You are dopey. (Int -2) [Xom's mischief]
  3317 | D:8      | Gained mutation: You are partially covered in rugged brown
                  | scales. (AC +1, +3% HP) [Xom's mischief]
  3358 | D:9      | Lost mutation: You are dopey. (Int -2) [potion of mutation]
  3358 | D:9      | Lost mutation: Scrolls take you longer to read. [potion of
                  | mutation]
  3358 | D:9      | Lost mutation: You are partially covered in rugged brown
                  | scales. (AC +1, +3% HP) [potion of mutation]
  3358 | D:9      | Lost mutation: You are weak. (Str -2) [potion of mutation]
  3358 | D:9      | Gained mutation: You are dopey. (Int -2) [potion of
                  | mutation]
  3506 | D:9      | XOM: summons 4 hostile demons
  3557 | D:9      | Found a staircase to the Lair.
  3614 | D:9      | Found a sacrificial altar of Ru.
  3781 | D:9      | Reached ** piety under Cheibriados
  3908 | D:10     | Entered Level 10 of the Dungeon
  3935 | D:10     | Noticed a two-headed ogre
  3958 | D:10     | Killed a two-headed ogre
  3958 | D:10     | Reached XP level 10. HP: 33/71 MP: 12/12
  4143 | D:10     | XOM: noise
  4144 | D:10     | Noticed Sonja
  4150 | D:10     | Cast into level 2 of the Abyss (Sonja)
  4229 | Abyss:2  | Noticed a starcursed mass
  4243 | Abyss:2  | Paralysed by accursed screaming for 1 turns
  4246 | Abyss:2  | Killed from afar by a starcursed mass

Illustrated notes

#+# ##.##
##...##
####.....###
#.....@....+
...##.....###
##...## ##.##
#+#


Turn 0 on D:1: hello! lets go!

Levels and vault maps discovered:
D:1:      dpeg_arrival_rhombi, layout_rooms
D:2:      minmay_kobold_bridge, layout_basic, first_ration
D:3:      layout_basic, lemuel_tele_altar, uniq_robin, uniq_crazy_yiuf_cottage
D:4:      layout_basic, overflow_temple_1_default, grunt_temple_overflow_open,
          portal_sewer_entry_a, grunt_decor_one_mirror
D:5:      layout_basic
D:6:      layout_basic, lemuel_crystal_altar, uniq_eustachio, uniq_edmund
D:7:      lemuel_slime, layout_basic, gammafunk_temple_overflow_wave,
          minmay_temple_entry_mini_moons, enter_ossuary_5, uniq_harold
D:8:      layout_cave_pods, dancing_weapons_uskayaw
D:9:      layout_basic, nicolae_ru_the_path_less_chosen, lair_entry_dummy
D:10:     minmay_flawed_box, layout_irregular_city,
          minmay_misc_feat_secret_circle, grunt_livestock, uniq_grum, uniq_sonja
Temple:   compressed_dpeg_triangle_lava_temple
Abyss:2:  base: D:4, hangedman_abyss_river_spirits

Skill      XL: |  1  2  3  4  5  6  7  8  9 |
---------------+----------------------------+-----
Stealth        | 3 4 5 6 |  6.0
Unarmed Combat | 2 3 5 7 8 |  8.9
Fighting       | 2 4 7 |  7.5
Dodging        | 5 7 |  7.7
Short Blades   | |  1.0
Evocations     | |  3.2

Action                   |  1- 3 |  4- 6 |  7- 9 | 10-12 || total
-------------------------+-------+-------+-------+-------++-------
Melee: Short sword       |    51 |    80 |    96 |       ||   227
       Constrict         |    16 |    22 |    77 |     3 ||   118
       Tentacles         |     6 |    10 |    68 |     5 ||    89
       Punch             |       |     1 |    15 |     3 ||    19
       Unarmed           |       |       |   210 |    36 ||   246
Evoke: Wand              |     1 |    13 |    26 |     1 ||    41
  Use: Potion            |       |     2 |    19 |     3 ||    24
       Scroll            |       |       |     1 |       ||     1
 Stab: Sleeping          |       |    11 |    12 |     2 ||    25
       Paralysed         |       |       |     1 |       ||     1
  Eat: Chunk             |       |       |     5 |     1 ||     6
       Ration            |       |       |     1 |       ||     1
Armor: Skin              |    16 |     4 |    35 |    33 ||    88
Dodge: Dodged            |    36 |    39 |   162 |    12 ||   249

Table legend:
 A = Non-vault XP
 B = Vault XP
 C = Vault XP percentage of total XP
 D = Non-vault monster count
 E = Vault monster count
 F = Vault count percentage of total count
                 A         B        C        D         E       F
            +---------+---------+-------+---------+---------+-------
      Total |    4681 |    1014 |  17.8 |     146 |      48 |  24.7
            +---------+---------+-------+---------+---------+-------
        D:1 |      13 |       0 |   0.0 |       7 |       0 |   0.0
        D:2 |      23 |       0 |   0.0 |      11 |       0 |   0.0
        D:3 |      47 |       0 |   0.0 |       3 |       0 |   0.0
        D:4 |      67 |      14 |  17.3 |       9 |       2 |  18.2
        D:5 |     361 |       0 |   0.0 |      15 |       0 |   0.0
        D:6 |     554 |     361 |  39.5 |      28 |       2 |   6.7
        D:7 |     538 |       0 |   0.0 |      14 |       0 |   0.0
        D:8 |     484 |       0 |   0.0 |      24 |       0 |   0.0
        D:9 |     810 |       0 |   0.0 |      28 |       0 |   0.0
       D:10 |    1328 |     152 |  10.3 |       5 |       4 |  44.4
    Abyss:2 |     456 |       0 |   0.0 |       2 |       0 |   0.0
      Sewer |       0 |     229 | 100.0 |       0 |      24 | 100.0
    Ossuary |       0 |     258 | 100.0 |       0 |      16 | 100.0
            +---------+---------+-------+---------+---------+-------
